 Dungeon Crawl Stone Soup version 0.27-a0-604-g29a88b33a7 (webtiles) character file.

Game seed: 9592340939842769177

25968 shoop the Basher (level 13, -6/210 HPs)
             Began as an Ogre Berserker on Mar 12, 2021.
             Was a High Priest of Trog.
             Mangled by a boulder beetle (25 damage)
             ... on level 12 of the Dungeon.
             The game lasted 00:31:28 (15087 turns).

shoop the Basher (Ogre Berserker)                  Turns: 15087, Time: 00:31:28

Health: -6/210     AC:  7    Str: 26    XL:     13   Next: 23%
Magic:  22/22      EV:  9    Int:  8    God:    Trog [*****.]
Gold:   695        SH:  9    Dex: 10    Spells: 12/12 levels left

rFire    . . .     SeeInvis +   a - +2 whip (elec)
rCold    + . .     Faith    .   L - +0 kite shield
rNeg     + . .     Spirit   .   C - +0 steam dragon scales
rPois    +         Reflect  .   F - +0 hat
rElec    .         Harm     .   P - +0 cloak "Neosul" {rC+ rN+ SInv}
rCorr    .         Rampage  .   (gloves unavailable)
Will     +....                  (boots unavailable)
Stlth    ..........             K - amulet of regeneration
HPRegen  1.45/turn              m - ring of poison resistance
MPRegen  0.18/turn              l - ring of magical power

@: berserking, very quick
A: large, unfitting armour, tough skin 1
a: Renounce Religion, Berserk, Trog's Hand, Brothers in Arms


You were on level 12 of the Dungeon.
You worshipped Trog.
Trog was extremely pleased with you.
You visited 1 branch of the dungeon, and saw 12 of its levels.

You collected 1184 gold pieces.
You spent 489 gold pieces at shops.

Inventory:

Hand Weapons
 a - a +2 whip of electrocution (weapon)
 i - a +0 whip
 p - a +0 mace
 O - the +5 giant spiked club of the Wolf {vorpal, *Corrode Dex+2 SInv}
   (Trog gifted it to you on level 9 of the Dungeon)

   It inflicts extra damage upon your enemies.
   It affects your dexterity (+2).
   It lets you see invisible.
   It may corrode you when you take damage.
 T - a +6 antimagic giant club
 U - the +7 quarterstaff "Fulol" {flame, Stlth+}
   (You found it on level 11 of the Dungeon)

   It has been specially enchanted to burn those struck by it, causing extra
   injury to most foes and up to half again as much damage against particularly
   susceptible opponents.
   It makes you more stealthy.
 V - a +4 flail of freezing
Missiles
 h - 2 silver boomerangs
 s - 17 boomerangs (quivered)
 x - 4 large rocks
Armour
 b - a +0 animal skin
 e - a +0 cloak
 C - +0 steam dragon scales (worn)
 F - a +0 hat (worn)
 H - a +0 troll leather armour
 J - a +1 robe of willpower
 L - a +0 kite shield (worn)
 P - the +0 cloak "Neosul" (worn) {rC+ rN+ SInv}
   (You bought it in a shop on level 9 of the Dungeon)

   It protects you from cold.
   It protects you from negative energy.
   It lets you see invisible.
Jewellery
 l - a ring of magical power (left hand)
 m - a ring of poison resistance (right hand)
 q - a +6 ring of intelligence
 r - a ring of wizardry
 K - an amulet of regeneration (around neck)
Wands
 D - a wand of polymorph (16)
 E - a wand of iceblast (19)
 G - a wand of digging (6)
 Q - a wand of paralysis (12)
Scrolls
 c - 4 scrolls of blinking {unknown}
 n - 2 scrolls of teleportation
 o - 2 scrolls of fear
 t - 3 scrolls of noise {unknown}
 w - 3 scrolls of magic mapping {unknown}
 y - 4 scrolls of fog {unknown}
 I - a scroll of enchant armour {unknown}
 R - a scroll of vulnerability
 W - a scroll of amnesia {unknown}
Potions
 d - 2 potions of cancellation
 f - a potion of mutation
 g - 3 potions of lignification
 j - a potion of attraction
 k - 3 potions of ambrosia
 u - 2 potions of flight {unknown}
 v - 2 potions of curing
 z - a potion of invisibility
 A - 2 potions of degeneration {unknown}
 B - a potion of magic
 M - a potion of heal wounds
 N - a potion of haste
 S - a potion of might


   Skills:
 - Level 12.0 Fighting
 + Level 14.0 Maces & Flails
 - Level 10.0 Throwing
 - Level 5.0 Dodging
 - Level 0.9 Stealth
 - Level 3.0 Shields
 - Level 5.0 Evocations


You had 12 spell levels left.
You didn't know any spells.
Your spell library was empty.

Dungeon Overview and Level Annotations

Branches:
Dungeon (12/15)            Temple (0/1) D:4            Lair (0/6) D:9
    Orc (0/2) D:9

Altars:
Ashenzari
Cheibriados
Dithmenos
Fedhas
Gozag
Makhleb
Okawaru
Ru
Sif Muna
Trog
Uskayaw
Wu Jian
Xom
Yredelemnul
The Shining One

Shops:
D:6 (   D:9 *:[

Annotations:
D:6 2 transporters, 1 runed translucent door, Crazy Yiuf; Demosthentine's ghost, novice MfGl


Innate Abilities, Weirdness & Mutations

You are too large for most types of armour.
You have tough skin. (AC +1)


Message History

You whack the boulder beetle!
The boulder beetle is heavily wounded.
You hit the boulder beetle but do no damage.
The boulder beetle is heavily wounded.
The boulder beetle barely misses you.
You hit the boulder beetle but do no damage.
Lightning courses through the boulder beetle!
The boulder beetle is heavily wounded.
The boulder beetle bites you!!
You hit the boulder beetle.
Lightning courses through the boulder beetle!
The boulder beetle is severely wounded.
You hit the boulder beetle but do no damage.
The boulder beetle is severely wounded.
The boulder beetle closely misses you.
You hit the boulder beetle but do no damage.
The boulder beetle is severely wounded.
The boulder beetle bites you!!
* * * LOW HITPOINT WARNING * * *
Aiming: Paralyse
Press: ? - help, Shift-Dir - straight line, f/p - boulder beetle
Aim: a boulder beetle (severely wounded, chance to affect: 43%)
The boulder beetle resists with some effort.
The boulder beetle bites you.
* * * LOW HITPOINT WARNING * * *
A red film seems to cover your vision as you go berserk!
You feel yourself moving faster!
You feel mighty! The boulder beetle bites you!
* * * LOW HITPOINT WARNING * * *
You hit the boulder beetle.
The boulder beetle is almost dead.
You whack the boulder beetle!
The boulder beetle is almost dead.
The boulder beetle bites you!
* * * LOW HITPOINT WARNING * * *
You hit the boulder beetle but do no damage.
The boulder beetle is almost dead.
You hit the boulder beetle but do no damage.
The boulder beetle is almost dead.
The boulder beetle bites you!!
You die...

# # # ##############
......))))...#####
#########........#
#########........#######
........'........'......
#########.......@# #
#.......B# # #........#
# #........# #
#........# # ######..##
##.## #..# ##○#


You could see a boulder beetle.

Vanquished Creatures
  Erolcha (D:12)
  An ogre mage (D:12)
  A boulder beetle (D:12)
  A queen ant (D:9)
  5 two-headed ogres
  The ghost of chippings the Martial Artist, a novice DsMo of Hepliaklqana (D:10)
  A skeletal warrior (D:11)
  5 ugly things (D:11)
  A manticore (D:11)
  2 centaur zombies (D:11)
  Joseph (D:7)
  Maggie (D:6)
  2 kobold demonologists (D:12)
  A komodo dragon (D:10)
  4 trolls
  2 hornets
  Prince Ribbit (D:5)
  Grinder (D:6)
  2 vampires (D:12)
  16 yaks
  4 wraiths
  Sigmund (D:6)
  A shadow (D:11)
  A steam dragon (D:9)
  3 vampire mosquitoes (D:10)
  Duvessa (D:6)
  13 soldier ants (D:9)
  A water moccasin (D:9)
  2 ice beasts
  3 orc warriors
  3 sky beasts
  An eye of draining (D:11)
  A black bear (D:7)
  6 centaurs
  5 ogres
  2 phantoms (D:7)
  3 elf zombies
  5 kobold brigands
  8 bullfrogs
  A wyvern zombie (D:10)
  An elf skeleton (D:7)
  Dowan (D:6)
  4 scorpions
  A wyvern skeleton (D:7)
  10 killer bees
  12 wights
  4 howler monkeys
  A crimson imp (D:9)
  4 human zombies (D:7)
  2 quasits
  10 hounds
  10 orc priests
  3 bullfrog skeletons
  2 centaur skeletons
  3 jellies
  3 iguanas
  4 human skeletons
  16 orc wizards
  38 worker ants
  A killer bee zombie (D:5)
  3 hound zombies
  2 hound skeletons
  2 mummies (D:7)
  A gnoll (D:4)
  5 adders
  A shadow imp (D:5)
  2 white imps
  4 ufetubi
  3 oozes
  An adder skeleton (D:5)
  3 worms
  3 leopard geckos
  35 orcs
  4 ball pythons
  7 bats
  2 giant cockroaches (D:6)
  6 goblins
  5 hobgoblins
  9 jackals
  2 quokkas
  10 frilled lizards
  20 kobolds
  A leopard gecko skeleton (D:6)
  2 orc zombies (D:4)
  A quokka zombie (D:5)
  6 rats
385 creatures vanquished.

Vanquished Creatures (collateral kills)
  A death knight (D:11)
1 creature vanquished.

Vanquished Creatures (others)
  An orc wizard (D:4)
  An orc (D:12)
  3 fungi (D:6)
  5 plants (D:6)
  3 toadstools (D:6)
13 creatures vanquished.

Grand Total: 399 creatures vanquished

Notes
Turn   | Place    | Note
-------+----------+-------------------------------------------
     0 | D:1      | shoop the Ogre Berserker began the quest for the Orb.
     0 | D:1      | Reached XP level 1. HP: 24/24 MP: 1/1
   305 | D:1      | Reached XP level 2. HP: 32/33 MP: 2/2
   306 | D:1      | Reached skill level 3 in Maces & Flails
  1139 | D:2      | Found a sacrificial altar of Ru.
  1326 | D:2      | Reached XP level 3. HP: 39/40 MP: 3/3
  1327 | D:2      | Reached ** piety under Trog
  2303 | D:3      | Found a glowing drain.
  2497 | D:3      | You fall into a shaft and drop 1 floor!
  2530 | D:4      | Reached XP level 4. HP: 20/49 MP: 4/4
  2823 | D:4      | Noticed a kobold brigand
  2840 | D:4      | Killed a kobold brigand
  2841 | D:4      | Reached skill level 5 in Fighting
  2841 | D:4      | Reached skill level 4 in Maces & Flails
  2841 | D:4      | Reached XP level 5. HP: 28/57 MP: 5/5
  3048 | D:4      | Found an opulent altar of Gozag.
  3160 | D:4      | Reached XP level 6. HP: 45/66 MP: 6/6
  3163 | D:4      | Reached skill level 5 in Maces & Flails
  3367 | D:4      | Reached skill level 6 in Maces & Flails
  3384 | D:4      | Reached XP level 7. HP: 26/72 MP: 7/7
  4572 | D:4      | Reached skill level 7 in Maces & Flails
  4749 | D:4      | Found a staircase to the Ecumenical Temple.
  5295 | D:5      | Entered Level 5 of the Dungeon
  5323 | D:5      | Noticed Prince Ribbit
  5329 | D:5      | Killed Prince Ribbit
  5329 | D:5      | Reached *** piety under Trog
  5330 | D:5      | Reached skill level 8 in Maces & Flails
  5330 | D:5      | Reached XP level 8. HP: 80/80 MP: 8/8
  5406 | D:5      | Found an iron altar of Okawaru.
  5887 | D:5      | Reached skill level 9 in Maces & Flails
  6477 | D:5      | Found a shadowy altar of Dithmenos.
  6574 | D:5      | Found a blossoming altar of Fedhas.
  6922 | D:6      | Found a transporter.
  6922 | D:6      | Noticed Demosthentine's ghost (novice MfGl)
  6946 | D:6      | Found a transporter.
  6971 | D:6      | Reached skill level 10 in Maces & Flails
  6971 | D:6      | Reached XP level 9. HP: 68/88 MP: 9/9
  6980 | D:6      | Noticed Sigmund
  7028 | D:6      | Killed Sigmund
  7129 | D:6      | Found a runed translucent door.
  7130 | D:6      | Noticed Crazy Yiuf
  7202 | D:6      | Found Fanedel's Weapon Boutique.
  7257 | D:6      | Noticed Dowan
  7258 | D:6      | Noticed Duvessa
  7277 | D:6      | Killed Duvessa
  7285 | D:6      | Killed Dowan
  7459 | D:6      | Noticed Maggie
  7468 | D:6      | Killed Maggie
  7469 | D:6      | Reached skill level 11 in Maces & Flails
  7593 | D:6      | Found a bloodstained altar of Trog.
  7639 | D:6      | Noticed Grinder
  7669 | D:6      | Killed Grinder
  7676 | D:6      | Found a snail-covered altar of Cheibriados.
  7681 | D:6      | Found a broken altar of Ashenzari.
  7681 | D:6      | Found an ornate altar of the Wu Jian Council.
  7694 | D:6      | Found a glowing golden altar of the Shining One.
  7697 | D:6      | Found a shimmering blue altar of Sif Muna.
  8064 | D:7      | Noticed Joseph
  8075 | D:7      | Killed Joseph
  8076 | D:7      | Reached skill level 12 in Maces & Flails
  8240 | D:7      | Reached XP level 10. HP: 98/98 MP: 10/10
  8263 | D:7      | Reached skill level 1 in Throwing
  8263 | D:7      | Reached skill level 1 in Evocations
  8419 | D:7      | Reached **** piety under Trog
  9278 | D:7      | Found a basalt altar of Yredelemnul.
 10731 | D:9      | Found Maluehure's General Store.
 10737 | D:9      | Bought a potion of heal wounds for 65 gold pieces
 10737 | D:9      | Bought a potion of haste for 130 gold pieces
 10759 | D:9      | Reached ***** piety under Trog
 10794 | D:9      | Reached skill level 1 in Shields
 10843 | D:9      | Noticed a queen ant
 10846 | D:9      | Identified the +5 giant spiked club of the Wolf {vorpal,
                  | *Corrode Dex+2 SInv} (Trog gifted it to you on level 9 of
                  | the Dungeon)
 10846 | D:9      | Received a gift from Trog
 10859 | D:9      | Reached XP level 11. HP: 89/115 MP: 11/11
 10873 | D:9      | Killed a queen ant
 10874 | D:9      | Reached skill level 5 in Throwing
 10901 | D:9      | Found a staircase to the Lair.
 11030 | D:9      | Found a burning altar of Makhleb.
 11031 | D:9      | Found a shimmering altar of Xom.
 11114 | D:9      | Found a staircase to the Orcish Mines.
 11189 | D:9      | Found Pyupp's Book Shoppe.
 11264 | D:9      | Reached skill level 10 in Fighting
 11357 | D:9      | Reached skill level 5 in Evocations
 11511 | D:9      | Found Iguka's Antique Armour Shoppe.
 11543 | D:9      | Found Quifow's Book Boutique.
 11850 | D:9      | Found a hide-covered altar of Uskayaw.
 12140 | D:9      | Bought a bloodstained cloak for 294 gold pieces
 12140 | D:9      | Identified the +0 cloak "Neosul" {rC+ rN+ SInv} (You bought
                  | it in a shop on level 9 of the Dungeon)
 12189 | D:10     | Entered Level 10 of the Dungeon
 12783 | D:10     | Found a runed translucent gate.
 12783 | D:10     | Found a runed translucent gate.
 12783 | D:10     | Found a runed translucent gate.
 12784 | D:10     | Noticed chippings's ghost (novice DsMo)
 12982 | D:10     | Killed chippings's ghost
 13050 | D:11     | Noticed a cyan ugly thing
 13094 | D:11     | Noticed a brown ugly thing
 13100 | D:11     | Killed a brown ugly thing
 13103 | D:11     | Reached XP level 12. HP: 132/132 MP: 12/12
 13215 | D:11     | Reached skill level 5 in Dodging
 13444 | D:11     | Received a gift from Trog
 13576 | D:11     | Noticed a death knight
 13602 | D:11     | Killed a death knight
 13739 | D:11     | Identified the +7 quarterstaff "Fulol" {flame, Stlth+}
 13884 | D:11     | Noticed a two-headed ogre
 13892 | D:11     | Killed a two-headed ogre
 14216 | D:11     | Reached skill level 10 in Throwing
 14648 | D:12     | Noticed an ogre mage
 14652 | D:12     | Killed an ogre mage
 14676 | D:12     | Noticed a two-headed ogre
 14676 | D:12     | Noticed a two-headed ogre
 14697 | D:12     | Killed a two-headed ogre
 14701 | D:12     | Killed a two-headed ogre
 14702 | D:12     | Reached skill level 13 in Maces & Flails
 14786 | D:12     | Reached XP level 13. HP: 140/140 MP: 13/13
 14973 | D:12     | Noticed Erolcha
 15029 | D:12     | Killed Erolcha
 15030 | D:12     | Reached skill level 14 in Maces & Flails
 15087 | D:12     | Mangled by a boulder beetle

Illustrated notes

Levels and vault maps discovered:
D:1:      dpeg_arrival_rhombus, layout_loops_cross
D:2:      layout_basic, nicolae_ru_sacrificial_ziggurat
D:3:      layout_basic, cheibrodos_sewer_entry_sluice
D:4:      layout_basic, grunt_gozag_breadcrumbs,
          minmay_temple_entry_enclosed_plants, nicolae_ossuary_entry_catacombs,
          kennysheep_generic_room_6
D:5:      minmay_polygon_palace, layout_gridville, lemuel_crystal_altar,
          kennysheep_mini_moat, fedhas_altar_fruit_tree, uniq_prince_ribbit1
D:6:      layout_cave_pods, minmay_overflow_temple_star_hex,
          gammafunk_ghost_mausoleum, serial_park, serial_park_square3
          [serial_park_minivault_5x5_5], serial_park_square2,
          serial_park_square2, basic_altar, serial_shops, shop,
          minmay_gold_behind_fungi, uniq_grinder, uniq_duvessa, uniq_sigmund,
          uniq_maggie, uniq_crazy_yiuf_cottage
D:7:      layout_loops_ring, lemuel_mausoleum_altar_yredelemnul,
          serial_bayou_pond_d, grunt_ministairs_3, uniq_joseph
D:8:      layout_gridville, nrook_mini_backslash
D:9:      layout_roguey, marbit_many_paths,
          grunt_temple_overflow_champion_of_chaos, lair_entry_dummy,
          orc_0_dummy, serial_shops, shop, nicolae_shop_trees, shop, shop,
          zaba_anthell
D:10:     layout_basic, ebering_ghost_rock_garden,
          amcnicky_mini_rare_corridor_liquid, hex_tiny
D:11:     layout_stronghold
D:12:     layout_basic, serial_shops, shop_fountains, uniq_erolcha

Skill      XL: |  1  2  3  4  5  6  7  8  9 10 11 12 13 |
---------------+----------------------------------------+-----
Maces & Flails | 3 4 6 8 10 12 13 14 | 14.0
Dodging        | 3 4 5 |  5.0
Fighting       | 5 6 9 12 | 12.0
Throwing       | 4 6 10 | 10.0
Evocations     | 3 5 |  5.0
Shields        | 1 3 |  3.0
Stealth        | |  0.9

Action                   |  1- 3 |  4- 6 |  7- 9 | 10-12 | 13-15 || total
-------------------------+-------+-------+-------+-------+-------++-------
Melee: Mace              |    54 |       |       |       |       ||    54
       Whip              |    77 |   102 |   313 |  1103 |   115 ||  1710
Throw: Boomerang         |       |     1 |     5 |     1 |    15 ||    22
Invok: Berserk           |     3 |     3 |     5 |    12 |     1 ||    24
       Trog's Hand       |       |     2 |     1 |       |     1 ||     4
       Brothers in Arms  |       |       |       |     1 |       ||     1
Evoke: Wand              |       |       |       |       |     1 ||     1
  Use: Scroll            |     5 |       |     1 |     5 |       ||    11
       Potion            |       |     1 |       |       |       ||     1
 Stab: Sleeping          |       |       |     1 |     2 |       ||     3
       Distracted        |       |       |       |     1 |       ||     1
Armor: Animal skin       |    26 |    24 |    36 |       |       ||    86
       Skin              |       |     5 |       |       |       ||     5
       Steam dragon scal |       |       |     5 |   203 |    13 ||   221
Dodge: Dodged            |    54 |    32 |   124 |   198 |    23 ||   431
Block: Kite shield       |       |       |       |   193 |    21 ||   214

Table legend: (Time is in decaauts)
 A = Elapsed time spent in this place.
 B = Non-inter-level travel time spent in this place.
 C = Inter-level travel time spent in this place.
 D = Time resting spent in this place.
 E = Time spent auto-exploring this place.
 F = Levels seen in this place.
 G = Mean time per level.
                   A        B        C        D        E       F      G
               +--------+--------+--------+--------+--------+-----+--------+
         Total |  14775 |  14346 |    429 |   1678 |   9923 |  12 | 1231.2 |
       Dungeon |  14775 |  14346 |    429 |   1678 |   9923 |  12 | 1231.2 |
               +--------+--------+--------+--------+--------+-----+--------+

Top non-repeatable levels by time:
     D:4: 2141 daAuts
     D:7: 1620 daAuts
     D:2: 1551 daAuts
    D:11: 1506 daAuts
     D:9: 1480 daAuts
     D:5: 1342 daAuts
     D:6: 1267 daAuts
     D:1: 934 daAuts
     D:8: 912 daAuts
    D:10: 871 daAuts
     D:3: 692 daAuts
    D:12: 453 daAuts
